 Dungeon Crawl Stone Soup version 0.29-a0-90-gc37658a0fe (webtiles) character file.

Game seed: 2226076048968312844

31 soggyman666 the Digger (level 3, -1/19 HPs)
             Began as a Gargoyle Earth Elementalist on Feb 7, 2022.
             Killed from afar by Jessica (6 damage)
             ... with a puff of flame
             ... on level 2 of the Dungeon.
             The game lasted 00:03:02 (1674 turns).

soggyman666 the Digger (GrEE)                       Turns: 1674, Time: 00:03:02

Health: -1/19      AC:  5    Str: 11    XL:     3   Next: 22%
Magic:  7/7        EV: 12    Int: 17    God:
Gold:   72         SH:  0    Dex: 10    Spells: 6/7 levels left

rFire   . . .      SeeInvis .   g - +2 dagger (venom)
rCold   . . .      Faith    .   (no shield)
rNeg    + . .      Spirit   .   b - +0 robe
rPois   ∞          Reflect  .   d - +0 hat
rElec   +          Harm     .   (no cloak)
rCorr   +          Rampage  .   (no gloves)
Will    .....                   (no boots)
Stlth   ++........              (no amulet)
HPRegen 0.06/turn               h - ring of resist corrosion
MPRegen 0.10/turn               (no ring)

@: no status effects
A: sickness immunity, AC +3, negative energy resistance 1, electricity
resistance, torment resistance 1, petrification resistance
a: no special abilities


You were on level 2 of the Dungeon.
You visited 1 branch of the dungeon, and saw 2 of its levels.

You collected 72 gold pieces.

Inventory:

Hand Weapons
 f - a +0 mace
 g - a +2 dagger of venom (weapon)
Missiles
 c - 42 stones
Armour
 b - a +0 robe (worn)
 d - a +0 hat (worn)
Jewellery
 h - a ring of resist corrosion (left hand)
Scrolls
 e - 2 scrolls of identify {unknown}
Potions
 a - a potion of curing {unknown}


   Skills:
 + Level 1.8 Dodging
 + Level 2.5 Stealth
 + Level 2.7 Spellcasting
 + Level 0.7 Transmutations
 + Level 4.0 Earth Magic


You had 6 spell levels left.
You knew the following spells:

 Your Spells              Type           Power      Damage    Failure   Level
a - Sandblast             Erth           32%        2d9       3%          1

Your spell library contained the following spells:

 Spells                   Type           Power      Damage    Failure   Level
 Passwall                 Tmut/Erth      8%         N/A       10%         2
 Foxfire                  Conj/Fire      8%         2x1d4     19%         1
 Stone Arrow              Conj/Erth      18%        3d8       24%         3
 Conjure Flame            Conj/Fire      2%         6-21      47%         3
 Inner Flame              Hex/Fire       2%         N/A       47%         3
 Petrify                  Tmut/Erth      10%        N/A       54%         4
 Flame Wave               Conj/Fire      2%         2d4       87%         4


Dungeon Overview and Level Annotations

Branches:
Dungeon (2/15)

Altars:

Annotations:
D:2 Jessica


Innate Abilities, Weirdness & Mutations

You are immune to sickness and miasma.
Your stone body is resilient. (AC +3)
You are immune to poison.
You resist negative energy. (rN+)
You are resistant to electric shocks. (rElec)
You are resistant to unholy torment.
You are immune to petrification.


Message History

You barely miss the kobold.
The kobold is severely wounded.
The kobold hits you but does no damage.
You miss the kobold.
The kobold is severely wounded.
The kobold hits you but does no damage.
You hit the kobold but do no damage.
The kobold looks as sick as possible!
The kobold is heavily wounded.
The kobold misses you.
A giant cockroach comes into view.
You hit the kobold but do no damage.
The kobold is severely wounded.
You kill the kobold!
Jessica casts a spell at you. Pain shoots through your body!
You see here a +0 club.
You hit Jessica but do no damage.
Jessica is poisoned.
Jessica gestures wildly while chanting.
Jessica blinks!
Jessica casts a spell at you. Pain shoots through your body!
The giant cockroach bites you.
* * * LOW HITPOINT WARNING * * *
You are too injured to fight recklessly!
You are too injured to fight recklessly!
You are too injured to fight recklessly!
You are too injured to fight recklessly!
You are too injured to fight recklessly!
You are too injured to fight recklessly!
You are too injured to fight recklessly!
Jessica says, "I'm really upset."
Jessica casts a spell at you.
You barely resist. The giant cockroach barely misses you.
Found a purple potion.
The giant cockroach bites you but does no damage.
Jessica barely misses you.
You hit Jessica.
Jessica looks even sicker.
Jessica is almost dead.
The giant cockroach misses you.
Jessica zaps a wand.
The puff of flame hits you.
You die...

## # .. !. #. .#
... ##.# .###.#
....####..#..#.
##..............
#.......@.....#
. ........@...#
..##......B..##
...........#
#..........#
###)#.)####
#....# . ##>..##
# #####.#..### #
#####.<...#....#


You could see Jessica (very poisoned) and a giant cockroach.

Vanquished Creatures
  A dart slug (D:1)
  4 bats
  6 endoplasms
  3 goblins
  3 hobgoblins
  A kobold (D:2)
  3 quokkas
  A ball python (D:1)
  A rat (D:2)
23 creatures vanquished.

Notes
Turn   | Place    | Note
-------+----------+-------------------------------------------
     0 | D:1      | soggyman666 the Gargoyle Earth Elementalist began the quest
                  | for the Orb.
     0 | D:1      | Reached XP level 1. HP: 10/10 MP: 3/3
   384 | D:1      | Reached XP level 2. HP: 9/15 MP: 2/5
  1507 | D:2      | Reached skill level 4 in Earth Magic
  1507 | D:2      | Reached XP level 3. HP: 13/19 MP: 7/7
  1657 | D:2      | Noticed Jessica
  1674 | D:2      | Killed from afar by Jessica

Illustrated notes

Levels and vault maps discovered:
D:1:      dpeg_arrival_round_b, layout_loops_corners
D:2:      layout_rooms, ebering_ecumenical_altar_rust, basic_altar, uniq_jessica

Skill      XL: |  1  2 |
---------------+-------+-----
Earth Magic    | 4 |  4.0
Dodging        | |  1.8
Stealth        | |  2.5
Spellcasting   | |  2.7
Transmutations | |  0.7

Action                   || total
-------------------------++-------
Melee: Unarmed           ||    20
       Dagger            ||    39
 Cast: Sandblast         ||    19
  Use: Scroll            ||     1
 Stab: Sleeping          ||     3
Armor: Robe              ||    27
Dodge: Dodged            ||    47

Table legend: (Time is in decaauts)
 A = Elapsed time spent in this place.
 B = Non-inter-level travel time spent in this place.
 C = Inter-level travel time spent in this place.
 D = Time resting spent in this place.
 E = Time spent auto-exploring this place.
 F = Levels seen in this place.
 G = Mean time per level.
                   A        B        C        D        E       F      G
               +--------+--------+--------+--------+--------+-----+--------+
         Total |   1672 |   1454 |    218 |      0 |   1270 |   2 |  836.0 |
       Dungeon |   1672 |   1454 |    218 |      0 |   1270 |   2 |  836.0 |
               +--------+--------+--------+--------+--------+-----+--------+

Top non-repeatable levels by time:
     D:1: 1494 daAuts
     D:2: 178 daAuts
